 Dungeon Crawl Stone Soup version 0.29.0-4-gdea44cf6ec (webtiles) character file.

Game seed: 10946377681016206767

206 qw the Chopper (level 5, -5/30 HPs)
             Began as a Tengu Warper on Aug 28, 2022.
             Slain by an ogre
             ... wielding a +0 giant spiked club
              (35 damage)
             ... on level 4 of the Dungeon.
             The game lasted 00:00:21 (3911 turns).

qw the Chopper (Tengu Warper)                       Turns: 3911, Time: 00:00:21

Health: -5/30      AC:  6    Str: 13      XL:     5   Next: 84%
Magic:  9/9        EV: 11    Int: 12 (13) God:
Gold:   101        SH:  0    Dex: 12 (14) Spells: 8/8 levels left

rFire   . . .      SeeInvis .   Y - +0 war axe
rCold   . . .      Faith    .   (no shield)
rNeg    . . .      Spirit   .   l - +0 scale mail
rPois   +          Reflect  .   (helmet restricted)
rElec   .          Harm     .   (no cloak)
rCorr   .          Rampage  .   (no gloves)
Will    .....                   (boots unavailable)
Stlth   ..........              (no amulet)
HPRegen 0.10/turn               i - ring of poison resistance
MPRegen 0.11/turn               (no ring)

@: flying quickly and evasively, quick
A: beak, talons 3, nimble flight
a: no special abilities


You were on level 4 of the Dungeon.
You visited 1 branch of the dungeon, and saw 4 of its levels.

You collected 211 gold pieces.
You spent 110 gold pieces at shops.


Innate Abilities, Weirdness & Mutations

You have a beak for a mouth.
You have claws for feet.
Your magical nature lets you fly swiftly and evasively.


   Skills:
 - Level 2.0 Fighting
 + Level 6.4 Axes
 - Level 1.0 Throwing
 - Level 1.1 Armour
 - Level 2.1 Dodging
 - Level 2.0 Spellcasting
 - Level 2.4 Translocations


You had 8 spell levels left.
You didn't know any spells.
Your spell library contained the following spells:

 Spells                   Type           Power      Damage    Failure   Level
 Blink                    Tloc           12%        N/A       58%         2
 Gell's Gravitas          Tloc           6%         N/A       83%         3
 Lesser Beckoning         Tloc           6%         N/A       83%         3
 Teleport Other           Tloc           6%         N/A       83%         3
 Manifold Assault         Tloc           6%         N/A       100%        5

Inventory:

Hand Weapons
 m - a +2 whip of electrocution
 Y - a +0 war axe (weapon)
Armour
 l - a +0 scale mail (worn)
Jewellery
 i - a ring of poison resistance (left hand)
Potions
 b - a potion of lignification {unknown}
 c - a potion of ambrosia {unknown}
 d - a potion of heal wounds
 g - a potion of berserk rage {unknown}
 j - a potion of cancellation
 k - a potion of brilliance {unknown}

Dungeon Overview and Level Annotations

Branches:
Dungeon (4/15)
 Temple: D:4-7

Altars:

Shops:
D:4 (


Message History

The iguana bites you but does no damage.
You hit the iguana but do no damage. Your kick misses the iguana.
The iguana is moderately wounded.
The iguana bites you.
You barely miss the iguana. Your peck misses the iguana.
The iguana is moderately wounded.
The iguana closely misses you.
You hit the iguana. You claw the iguana, but do no damage.
The iguana is severely wounded.
The iguana bites you.
You hit the iguana but do no damage. You peck the iguana, but do no damage.
The iguana is severely wounded.
The iguana closely misses you. The iguana bites you!
You slash the iguana!
You kill the iguana!
You feel your strength returning.
You start resting.
An ogre comes into view. It is wielding a +0 giant spiked club.
3722 ||| FLEEEEING.
The ogre shouts!
3723 ||| FLEEEEING.
3724 ||| FLEEEEING.
There is a stone staircase leading up here.
3728 ||| STAIRDANCE You fly upwards.
There is a stone staircase leading down here.
You start resting.
HP restored.
Done exploring.
(D) Dungeon
Where to? (* - list waypoints, Enter - D:4, ? - help)
What level of the Dungeon? (default 1, ? - help)
You fly downwards.
The ogre closely misses you.
There is a stone staircase leading up here.
An ogre is nearby!
You hit the ogre.
The ogre is moderately wounded.
The ogre hits you with a +0 giant spiked club!!
Ouch! That really hurt!
You die...

#...#.........#......#
#............<#......#
..............#......#
......>##.....#......#
#....................#
#.....##.##.........[#
#.............#......#
#.####.........#O#####
### #...O...#.#@#
###.......#.#.#
..........##...#
###.......)..###
#............#
.............#
##........?...#
#(.......%...#
...............#


You could see an ogre.

Vanquished Creatures
  A necrophage (D:4)
  An iguana (D:4)
  An orc wizard (D:4)
  2 adders
  3 worms
  2 dart slugs
  2 orcs (D:4)
  6 endoplasms
  A giant cockroach (D:1)
  4 hobgoblins
  3 jackals (D:1)
  6 kobolds
  4 quokkas
  8 ball pythons
  2 frilled lizards
  5 goblins
  6 rats
57 creatures vanquished.

Notes
Turn   | Place    | Note
-------+----------+-------------------------------------------
     0 | D:1      | qw the Tengu Warper began the quest for the Orb.
     0 | D:1      | Reached XP level 1. HP: 12/12 MP: 4/4
     0 | D:1      | 0 ||| qw: Version: 0.1-a-89-g26bdef1
     0 | D:1      | 0 ||| qw: Game counter: 2538
     0 | D:1      | 0 ||| qw: Always use a shield: true
     0 | D:1      | 0 ||| qw: God list: Okawaru
     0 | D:1      | 0 ||| qw: Allow faded altars: false
     0 | D:1      | 0 ||| qw: Do Orc after D:15 true
     0 | D:1      | 0 ||| qw: Do second Lair branch before Depths: true
     0 | D:1      | 0 ||| qw: Lair rune preference: random
     0 | D:1      | 0 ||| qw: Plans: Normal
     0 | D:1      | 0 ||| PLANNING D:1-11
    69 | D:1      | 69 ||| Stepping ~*~*~tactically~*~*~ (stealth).
    71 | D:1      | 71 ||| Stepping ~*~*~tactically~*~*~ (stealth).
    72 | D:1      | 72 ||| Stepping ~*~*~tactically~*~*~ (stealth).
    88 | D:1      | Reached skill level 3 in Axes
    88 | D:1      | Reached XP level 2. HP: 10/17 MP: 6/6
   122 | D:1      | 122 ||| Stepping ~*~*~tactically~*~*~ (stealth).
   183 | D:1      | 183 ||| Stepping ~*~*~tactically~*~*~ (stealth).
   223 | D:1      | 223 ||| Stepping ~*~*~tactically~*~*~ (stealth).
   226 | D:1      | 226 ||| Stepping ~*~*~tactically~*~*~ (stealth).
   227 | D:1      | 227 ||| Stepping ~*~*~tactically~*~*~ (stealth).
   229 | D:1      | 229 ||| Stepping ~*~*~tactically~*~*~ (stealth).
   235 | D:1      | 235 ||| Stepping ~*~*~tactically~*~*~ (stealth).
   236 | D:1      | 236 ||| Stepping ~*~*~tactically~*~*~ (stealth).
   238 | D:1      | 238 ||| Stepping ~*~*~tactically~*~*~ (stealth).
   239 | D:1      | 239 ||| Stepping ~*~*~tactically~*~*~ (stealth).
   369 | D:1      | 369 ||| DROPPING +0 club.
   565 | D:1      | 565 ||| SWAPPING to +0 war axe.
   576 | D:1      | 576 ||| DROPPING +0 hand axe.
   701 | D:1      | Reached XP level 3. HP: 21/21 MP: 7/7
   974 | D:1      | Found a faded altar of an unknown god.
  1040 | D:1      | 1040 ||| DROPPING scroll of blinking.
  1109 | D:2      | Reached skill level 4 in Axes
  1246 | D:2      | 1246 ||| Stepping ~*~*~tactically~*~*~ (stealth).
  1420 | D:2      | 1420 ||| FLEEEEING.
  1421 | D:2      | 1421 ||| FLEEEEING.
  1422 | D:2      | 1422 ||| FLEEEEING.
  1423 | D:2      | 1423 ||| FLEEEEING.
  1424 | D:2      | 1424 ||| FLEEEEING.
  1425 | D:2      | 1425 ||| FLEEEEING.
  1426 | D:2      | 1426 ||| FLEEEEING.
  1428 | D:2      | 1428 ||| STAIRDANCE
  1469 | D:1      | 1469 ||| UPGRADING to ring of poison resistance.
  1470 | D:1      | 1470 ||| READING scroll labelled TAEWNO GICZI.
  1471 | D:1      | 1471 ||| READING scroll labelled LICIOG WEZXA.
  1472 | D:1      | 1472 ||| DRINKING 2 golden potions.
  1476 | D:2      | 1476 ||| STAIRDANCE
  1527 | D:2      | 1527 ||| Stepping ~*~*~tactically~*~*~ (stealth).
  1535 | D:2      | 1535 ||| FLEEEEING.
  1536 | D:2      | 1536 ||| FLEEEEING.
  1537 | D:2      | 1537 ||| FLEEEEING.
  1538 | D:2      | 1538 ||| FLEEEEING.
  1539 | D:2      | 1539 ||| FLEEEEING.
  1540 | D:2      | 1540 ||| FLEEEEING.
  1541 | D:2      | 1541 ||| FLEEEEING.
  1542 | D:2      | 1542 ||| FLEEEEING.
  1543 | D:2      | 1543 ||| FLEEEEING.
  1544 | D:2      | 1544 ||| FLEEEEING.
  1545 | D:2      | 1545 ||| FLEEEEING.
  1546 | D:2      | 1546 ||| FLEEEEING.
  1547 | D:2      | 1547 ||| STAIRDANCE
  2016 | D:2      | 2016 ||| DRINKING 2 purple potions.
  2241 | D:3      | Reached XP level 4. HP: 23/26 MP: 8/8
  2604 | D:3      | 2604 ||| DROPPING +0 whip.
  3146 | D:3      | 3146 ||| UPGRADING to +0 scale mail.
  3156 | D:3      | 3156 ||| DROPPING +0 leather armour.
  3157 | D:3      | 3157 ||| READING scroll labelled SAAVYI COMMI.
  3305 | D:3      | 3305 ||| DRINKING 2 white potions.
  3306 | D:3      | 3306 ||| DRINKING 2 pink potions.
  3307 | D:3      | 3307 ||| DROPPING potion of degeneration.
  3354 | D:4      | Reached skill level 5 in Axes
  3421 | D:4      | Found Dailaf's Antique Weapon Shop.
  3427 | D:4      | 3427 ||| Stepping ~*~*~tactically~*~*~ (stealth).
  3429 | D:4      | 3429 ||| BUYING glowing whip (110 gold).
  3429 | D:4      | Bought a glowing whip for 110 gold pieces
  3429 | D:4      | 3429 ||| DROPPING +3 whip.
  3489 | D:4      | Noticed a necrophage
  3498 | D:4      | Killed a necrophage
  3499 | D:4      | Gained mutation: Your magical nature lets you fly swiftly
                  | and evasively. [Tengu growth]
  3499 | D:4      | Reached XP level 5. HP: 17/30 MP: 9/9
  3526 | D:4      | 3526 ||| DRINKING potion of curing.
  3526 | D:4      | 3526 ||| (to cure confusion)
  3526 | D:4      | Paralysed by an orc wizard for 2 turns
  3544 | D:4      | Reached skill level 6 in Axes
  3721 | D:4      | Noticed an ogre
  3722 | D:4      | 3722 ||| FLEEEEING.
  3723 | D:4      | 3723 ||| FLEEEEING.
  3724 | D:4      | 3724 ||| FLEEEEING.
  3728 | D:4      | 3728 ||| STAIRDANCE
  3911 | D:4      | Slain by an ogre

Levels and vault maps discovered:
D:1:      nicolae_arrival_somewhat_less_tricky_arrival, layout_rooms,
          ebering_ecumenical_altar_box
D:2:      minmay_spotlight, layout_loops_ring
D:3:      layout_basic, serial_bayou_crossing
D:4:      layout_rooms, trog_book, serial_shops, shop_statue,
          nicolae_diamond_shop, shop

Skill      XL: |  1  2  3  4  5 |
---------------+----------------+-----
Axes           | 3 4 5 6 |  6.4
Fighting       | |  2.0
Throwing       | |  1.0
Armour         | |  1.1
Dodging        | |  2.1
Spellcasting   | |  2.0
Translocations | |  2.4

Action                   |  1- 3 |  4- 6 || total
-------------------------+-------+-------++-------
Melee: Hand axe          |    24 |       ||    24
       Kick              |    18 |    10 ||    28
       Peck              |    13 |    10 ||    23
       War axe           |    49 |    58 ||   107
       Punch             |     1 |       ||     1
Throw: Boomerang         |     7 |       ||     7
  Use: Potion            |     2 |     3 ||     5
       Scroll            |     2 |     1 ||     3
Armor: Leather armour    |    11 |     3 ||    14
       Scale mail        |       |     8 ||     8
Dodge: Dodged            |    30 |    17 ||    47

Table legend:
 A = Non-vault XP
 B = Vault XP
 C = Vault XP percentage of total XP
 D = Non-vault monster count
 E = Vault monster count
 F = Vault count percentage of total count
                 A         B        C        D         E       F
            +---------+---------+-------+---------+---------+-------
      Total |     280 |      15 |   5.1 |      54 |       3 |   5.3
            +---------+---------+-------+---------+---------+-------
        D:1 |      42 |       0 |   0.0 |      23 |       0 |   0.0
        D:2 |      19 |      15 |  44.1 |      10 |       3 |  23.1
        D:3 |      25 |       0 |   0.0 |      12 |       0 |   0.0
        D:4 |     194 |       0 |   0.0 |       9 |       0 |   0.0
            +---------+---------+-------+---------+---------+-------
